 Dungeon Crawl Stone Soup version 0.32-a0-411-g744942f433 (webtiles) character file.

Game seed: 139664216877692539

133 pokeman the Magician (level 4, -5/25 HPs)
             Began as a Deep Elf Hedge Wizard on Feb 21, 2024.
             Slain by Menkaure (20 damage)
             ... on level 4 of the Dungeon.
             The game lasted 00:03:57 (3234 turns).

pokeman the Magician (Deep Elf Hedge Wizard)        Turns: 3234, Time: 00:03:58

Health: -5/25      AC:  3    Str: 13    XL:     4   Next: 94%
Magic:  6/14       EV: 13    Int: 21    God:
Gold:   151        SH:  0    Dex: 14    Spells: 7/15 levels left

rFire   . . .        a - +0 dagger
rCold   . . .        (no shield)
rNeg    . . .        b - +0 robe
rPois   .            o - +0 helmet
rElec   .            (no cloak)
rCorr   .            (no gloves)
SInv    .            (no boots)
Will    .....        (no amulet)
Stlth   ++           f - +6 ring of strength
HPRegen 0.24/turn    (no ring)
MPRegen 0.14/turn

%: no passive effects
@: very slightly contaminated
A: no striking features
a: no special abilities


You were on level 4 of the Dungeon.
You visited 1 branch of the dungeon, and saw 4 of its levels.

You collected 151 gold pieces.

Inventory:

Hand Weapons
 a - a +0 dagger (weapon)
Armour
 b - a +0 robe (worn)
 c - a +0 tower shield
 o - a +0 helmet (worn)
 r - a scarf of invisibility
Jewellery
 f - a +6 ring of strength (left hand)
 l - an amulet of faith
Scrolls
 e - a scroll of noise {unknown}
 g - 2 scrolls of teleportation {unknown}
 i - 4 scrolls of identify {unknown}
 j - a scroll of poison {unknown}
 k - a scroll of enchant armour {unknown}
 n - a scroll of enchant weapon {unknown}
 p - a scroll of brand weapon {unknown}
 q - a scroll of blinking {unknown}
Potions
 d - a potion of magic
 h - a potion of invisibility {unknown}
 m - a potion of brilliance {unknown}
 s - 2 potions of curing {unknown}


   Skills:
 - Level 1.0 Fighting
 - Level 1.0 Armour
 + Level 2.9 Dodging
 - Level 3.0 Stealth
 + Level 0.0 Shields
 * Level 6.0 Spellcasting
 + Level 2.4 Conjurations
 - Level 1.1 Summonings
 - Level 1.1 Translocations


You had 7 spell levels left.
You knew the following spells:

 Your Spells              Type           Power      Damage    Failure   Level
a - Magic Dart            Conj           64%        1d6       3%          1
b - Mephitic Cloud        Conj/Alch/Air  9%         N/A       22%         3
c - Call Imp              Summ           20%        N/A       10%         2
d - Blink                 Tloc           20%        N/A       10%         2

Your spell library contained the following spells:

 Spells                   Type           Power      Damage    Failure   Level
 Slow                     Hex            24%        N/A       10%         1
 Cigotuvi's Dreadful Rot  Necr/Alch/Air  12%        N/A       14%         2
 Tukima's Dance           Hex            6%         N/A       28%         3
 Passage of Golubria      Tloc           10%        N/A       52%         4
 Yara's Violent Unravell  Hex/Alch       3%         3d4       95%         5


Dungeon Overview and Level Annotations

Branches:
Dungeon (4/15)
 Temple: D:4-7

Altars:
Ashenzari

Shops:
D:1 [:*

Annotations:
D:4 Menkaure


Message History

Aim: Menkaure (moderately damaged, 100% to hit)
The magic dart hits Menkaure.
Menkaure is moderately damaged.
Menkaure gestures wildly while chanting.
Menkaure seems to speed up.
Casting: Magic Dart (safe; 3% risk of failure)
Confirm with . or Enter, or press ? or * to list all spells.
Aiming: Magic Dart (safe; 3% risk of failure)
Press: ? - help, Shift-Dir - straight line, f/p - Menkaure
Aim: Menkaure (moderately damaged, fast, 100% to hit)
The magic dart hits Menkaure.
Menkaure is heavily damaged.
Menkaure calls on the powers of darkness!
Your body is wracked with pain!
Casting: Magic Dart (safe; 3% risk of failure)
Confirm with . or Enter, or press ? or * to list all spells.
Aiming: Magic Dart (safe; 3% risk of failure)
Press: ? - help, Shift-Dir - straight line, f/p - Menkaure
Aim: Menkaure (heavily damaged, fast, 100% to hit)
The magic dart hits Menkaure.
Menkaure is severely damaged.
Unknown command.
Casting: Magic Dart (safe; 3% risk of failure)
Confirm with . or Enter, or press ? or * to list all spells.
Aiming: Magic Dart (safe; 3% risk of failure)
Press: ? - help, Shift-Dir - straight line, f/p - Menkaure
Aim: Menkaure (severely damaged, fast, 100% to hit)
You miscast Magic Dart.
Nothing appears to happen.
Unknown command.
Casting: Magic Dart (safe; 3% risk of failure)
Confirm with . or Enter, or press ? or * to list all spells.
Aiming: Magic Dart (safe; 3% risk of failure)
Press: ? - help, Shift-Dir - straight line, f/p - Menkaure
Aim: Menkaure (severely damaged, fast, 100% to hit)
The magic dart hits Menkaure.
Menkaure is severely damaged.
Menkaure giggles, "These cerements are ticklish..."
Menkaure hits you!!
Ouch! That really hurt!
You die...

#. ... .. ... . #.
#.# ..##.##.###
..........#
..........#
.......M..+
.......@..#
########.###
###...####.####...
#.....#...........
#.....#...........
#...<.#[..........
##.........##.##..
########### ## #


You could see Menkaure (fast).

Vanquished Creatures
  5 adders
  3 dart slugs
  An orc (D:3)
  3 ball pythons (D:1)
  4 bats
  4 endoplasms
  2 giant cockroaches
  7 goblins
  3 hobgoblins
  9 kobolds
  A quokka (D:3)
  3 frilled lizards
  3 rats
48 creatures vanquished.

Notes
Turn   | Place    | Note
-------+----------+-------------------------------------------
     0 | D:1      | pokeman the Deep Elf Hedge Wizard began the quest for the
                  | Orb.
     0 | D:1      | Reached XP level 1. HP: 10/10 MP: 7/7
   196 | D:1      | Reached XP level 2. HP: 16/16 MP: 6/9
   383 | D:1      | Found Niewom's General Store.
   463 | D:1      | Found Vifiur's Book Shoppe.
   473 | D:1      | Reached skill level 5 in Spellcasting
   598 | D:1      | Reached XP level 3. HP: 19/20 MP: 7/11
   602 | D:1      | Learned a level 3 spell: Mephitic Cloud
   605 | D:1      | Learned a level 2 spell: Call Imp
   608 | D:1      | Learned a level 2 spell: Blink
   945 | D:1      | Found Udountuk's Antique Armour Shoppe.
  1124 | D:2      | Reached skill level 1 in Fighting
  1124 | D:2      | Reached skill level 1 in Armour
  1606 | D:2      | Reached XP level 4. HP: 25/25 MP: 5/13
  2660 | D:3      | Found a broken altar of Ashenzari.
  2836 | D:3      | Reached skill level 6 in Spellcasting
  3225 | D:4      | Noticed Menkaure
  3234 | D:4      | Slain by Menkaure

Illustrated notes

Levels and vault maps discovered:
D:1:      dpeg_arrival_long_road, layout_loops_ring, serial_shops,
          nicolae_shop_behind_doors, shop, nicolae_shop_tiny_real_fake_doors,
          st_stairs_3, hex_large
D:2:      layout_basic
D:3:      layout_loops_ring, evilmike_ruin_ashenzari,
          nicolae_houndstooth_variations
D:4:      layout_gridville, uniq_menkaure, uniq_pikel, uniq_robin

Skill      XL: |  1  2  3  4 |
---------------+-------------+-----
Spellcasting   | 5 6 |  6.0
Fighting       | 1 |  1.0
Armour         | 1 |  1.0
Conjurations   | 2 |  2.4
Stealth        | 3 |  3.0
Dodging        | |  2.9
Summonings     | |  1.1
Translocations | |  1.1

Action                     |  1- 3 |  4- 6 || total
---------------------------+-------+-------++-------
  Melee: Dagger            |     1 |       ||     1
   Cast: Magic Dart        |    69 |    54 ||   123
 Armour: Robe              |     4 |     5 ||     9
  Dodge: Dodged            |     6 |     5 ||    11

Table legend: (Time is in decaauts)
 A = Elapsed time spent in this place.
 B = Non-inter-level travel time spent in this place.
 C = Inter-level travel time spent in this place.
 D = Time resting spent in this place.
 E = Time spent auto-exploring this place.
 F = Levels seen in this place.
 G = Mean time per level.
                   A        B        C        D        E       F      G
               +--------+--------+--------+--------+--------+-----+--------+
         Total |   3232 |   3118 |    114 |      0 |   2854 |   4 |  808.0 |
       Dungeon |   3232 |   3118 |    114 |      0 |   2854 |   4 |  808.0 |
               +--------+--------+--------+--------+--------+-----+--------+

Top non-repeatable levels by time:
     D:2: 1193 daAuts
     D:1: 1115 daAuts
     D:3: 905 daAuts
     D:4: 17 daAuts
